 Dungeon Crawl Stone Soup version 0.30.1-4-g462c640d31 (webtiles) character file.

Game seed: 13345913293393899188

5740 pkoi the Grappler (level 10, -4/104 HPs)
             Began as a Troll Monk on Aug 31, 2023.
             Was a Believer of Ru.
             Shot with an arrow by a deep elf archer (22 damage)
             ... on level 10 of the Dungeon.
             The game lasted 00:10:42 (7431 turns).

pkoi the Grappler (Troll Monk)                      Turns: 7431, Time: 00:10:43

Health: -4/104     AC:  5    Str: 28    XL:     10   Next: 49%
Magic:  9/9        EV: 13    Int:  8    God:    Ru [**....]
Gold:   2030       SH:  0    Dex: 12    Spells: 9/9 levels left

rFire   . .          .
                       - Unarmed
rCold   + + .        c - orb {light}
rNeg    + + +        t - +0 robe of Theory {rC++ rN+ Stlth+}
rPois   +            (helmet restricted)
rElec   .            n - +0 cloak of Keegam {rN+ Str+5}
rCorr   .            (gloves unavailable)
SInv    .            (boots unavailable)
Will    .....        (no amulet)
Stlth   +            d - ring of poison resistance
HPRegen 1.17/turn    r - ring of positive energy
MPRegen 0.11/turn

%: no passive effects
@: glowing, studying 3 skills
A: large, unfitting armour, claws 3, regeneration 1, shaggy fur 1, tough skin 1,
inability to use devices
a: Renounce Religion, Sacrifice Essence, Sacrifice Durability, Sacrifice Arcana,
Reject Sacrifices


You were on level 10 of the Dungeon.
You worshipped Ru.
Ru was pleased with you.
You visited 1 branch of the dungeon, and saw 10 of its levels.

You collected 2394 gold pieces.
You spent 364 gold pieces at shops.

Inventory:

Armour
 a - a +0 robe
 c - an orb of light (worn)
 n - the +0 cloak of Keegam (worn) {rN+ Str+5}
   (You bought it in a shop on level 8 of the Dungeon)

   Str:       It affects your strength (+5).
   rN:        It protects you from negative energy.
 o - a +2 cloak
 t - the +0 robe of Theory (worn) {rC++ rN+ Stlth+}
   (You bought it in a shop on level 8 of the Dungeon)

   rC:        It greatly protects you from cold.
   rN:        It protects you from negative energy.
   Stlth:     It makes you more stealthy.
Jewellery
 d - a ring of poison resistance (left claw)
 e - a +6 ring of intelligence
 g - an amulet of magic regeneration
 i - a ring of magical power
 r - a ring of positive energy (right claw)
Scrolls
 f - 2 scrolls of enchant armour
 j - a scroll of blinking
 k - 3 scrolls of teleportation
 p - 2 scrolls of identify
 q - 2 scrolls of amnesia
 s - a scroll of enchant weapon
 u - 4 scrolls of magic mapping
 w - a scroll of fog {unknown}
 x - a scroll of silence {unknown}
Potions
 b - 2 potions of ambrosia
 h - 2 potions of berserk rage
 l - a potion of resistance
 m - 5 potions of curing
 v - a potion of magic


   Skills:
 + Level 8.1 Fighting
 + Level 9.1 Dodging
 + Level 10.9 Unarmed Combat


You had 9 spell levels left.
You didn't know any spells.
Your spell library contained the following spells:

 Spells                   Type           Power      Damage    Failure   Level
 Sandblast                Erth           0%         2d4       41%         1
 Blink                    Tloc           0%         N/A       54%         2
 Lesser Beckoning         Tloc           0%         N/A       54%         2
 Momentum Strike          Conj/Tloc      0%         3d8       54%         2
 Passwall                 Tmut/Erth      0%         N/A       54%         2
 Dazzling Flash           Conj/Hex       0%         N/A       78%         3
 Ozocubu's Armour         Ice            0%         N/A       78%         3
 Stone Arrow              Conj/Erth      0%         3d7       78%         3
 Tukima's Dance           Hex            0%         N/A       78%         3
 Volatile Blastmotes      Fire/Tloc      0%         2d10      78%         3
 Iskenderun's Mystic Bla  Conj/Tloc      0%         2d3       99%         4
 Passage of Golubria      Tloc           0%         N/A       99%         4
 Yara's Violent Unravell  Hex/Tmut       0%         3d3       100%        5
 Starburst                Conj/Fire      0%         6d3       100%        6
 Ozocubu's Refrigeration  Ice            0%         4d7       100%        7


Dungeon Overview and Level Annotations

Branches:
Dungeon (10/15)            Temple (0/1) D:6            Lair (0/5) D:9
    Orc: D:9-12

Altars:
Ashenzari
Cheibriados
Dithmenos
Gozag
Ru
Sif Muna
Trog
Uskayaw
Wu Jian
Xom

Shops:
D:8 [


Innate Abilities, Weirdness & Mutations

You are too large for most types of armour.
You have claws for hands.
Your natural rate of healing is unusually fast.
You are covered in fur. (AC +1)
You have tough skin. (AC +1)
You cannot study or use magical devices.


Message History

You mangle the orc priest!!
You kill the orc priest!
The orc priest closely misses you.
You mangle the orc priest!!
You kill the orc priest!
The centaur shoots an arrow.
The arrow hits you!
The centaur is stunned by your conviction and fails to attack.
The centaur shoots an arrow.
The arrow hits you.
You hear a shout!
Things that are here:
a +0 dagger; a +0 leather armour You hear two shouts!
The centaur shoots an arrow.
The arrow completely misses you.
A deep elf archer comes into view. It is wielding a +2 heavy spear.
The deep elf archer shouts!
The centaur unwields a +0 shortbow.
The centaur completely misses you. The centaur closely misses you.
An orc priest comes into view.
It is wielding a +1 dagger of electrocution.
The centaur closely misses you.
The centaur kicks you but does no damage.
The orc priest shouts!
You mangle the centaur!!
You kill the centaur!
The deep elf archer unwields a +2 heavy spear.
The deep elf archer wields a +0 shortbow.
The deep elf archer shoots an arrow.
The arrow hits you!!
An orc priest comes into view. It is wielding a +0 flail.
You are too injured to fight recklessly!
You are too injured to fight recklessly!
You are too injured to fight recklessly!
Unknown command.
The orc priest begins to pray, but is stunned by your conviction!
Things that are here:
a +0 dagger; a +0 leather armour A howler monkey comes into view.
The deep elf archer shoots an arrow.
The arrow hits you!!
* * * LOW HITPOINT WARNING * * *
You hear a shout!
The deep elf archer shoots an arrow.
The arrow hits you!!
You die...

...h.....###
#.)......######.
#..e.?.....#..!..#.#
#.##.........###.#.#
#..##)#.........#.#.#
#....)..#.......#.#.#
#..##)#.........#.#.#
#.#.##.........###>#.#
#.
#.......@.?#####.#.#
#...............†..#
#................#..#
.#.......>.......#).#
#...##.....<.....#..#
#..: ##.####.....#..#
.. ... #.....#<## ...#
#.....#.# .. #######.#


You could see a deep elf archer (repels missiles).

Vanquished Creatures
  A two-headed ogre (D:8)
  A troll (D:9)
  2 wyverns (D:10)
  An acid dragon (D:8)
  2 water moccasins
  3 orc warriors
  2 sky beasts
  A black bear (D:4)
  2 ogres
  A centaur (D:10)
  A wolf (D:9)
  2 phantoms
  2 bullfrogs
  5 kobold brigands
  4 scorpions
  A gnoll sergeant (D:9)
  8 wights
  10 killer bees (D:8)
  3 electric eels (D:9)
  7 hounds
  A jelly (D:6)
  9 orc priests
  4 gnoll boudas
  6 iguanas
  A sleepcap (D:5)
  15 orc wizards
  19 gnolls
  11 adders
  A white imp (D:6)
  A worm (D:4)
  3 dart slugs
  34 orcs
  3 bats (D:1)
  13 endoplasms
  3 giant cockroaches
  6 goblins
  5 hobgoblins
  6 jackals
  8 quokkas
  6 ball pythons
  2 frilled lizards (D:1)
  20 kobolds
  6 rats
  A spectral goblin (D:2)
243 creatures vanquished.

Vanquished Creatures (others)
  An orc (D:5)
  A frilled lizard (D:3)
2 creatures vanquished.

Grand Total: 245 creatures vanquished

Notes
Turn   | Place    | Note
-------+----------+-------------------------------------------
     0 | D:1      | pkoi the Troll Monk began the quest for the Orb.
     0 | D:1      | Reached XP level 1. HP: 22/22 MP: 0/0
   134 | D:1      | Reached XP level 2. HP: 25/29 MP: 1/1
   462 | D:2      | Found a faded altar of an unknown god.
   508 | D:2      | Reached XP level 3. HP: 36/36 MP: 2/2
   769 | D:2      | Reached XP level 4. HP: 45/45 MP: 3/3
   797 | D:2      | Found a sacrificial altar of Ru.
   978 | D:2      | Became a worshipper of Ru the Awakened
   981 | D:2      | Gained mutation: You cannot study or use magical devices.
                  | [Ru sacrifice]
   981 | D:2      | Reached * piety under Ru
   981 | D:2      | Reached ** piety under Ru
  1515 | D:3      | Found a hide-covered altar of Uskayaw.
  1578 | D:3      | Found a shimmering altar of Xom.
  2011 | D:4      | Reached skill level 4 in Unarmed Combat
  2095 | D:4      | Noticed a phantom
  2107 | D:4      | Killed a phantom
  2108 | D:4      | Reached XP level 5. HP: 51/53 MP: 4/4
  2190 | D:4      | Reached XP level 6. HP: 43/62 MP: 5/5
  2238 | D:4      | Found a bloodstained altar of Trog.
  2752 | D:4      | Reached skill level 5 in Unarmed Combat
  2923 | D:4      | Found a sacrificial altar of Ru.
  2947 | D:4      | Reached XP level 7. HP: 65/70 MP: 6/6
  2965 | D:4      | Found a snail-covered altar of Cheibriados.
  3025 | D:5      | Entered Level 5 of the Dungeon
  3202 | D:5      | Found an opulent altar of Gozag.
  3332 | D:5      | Reached skill level 5 in Fighting
  3332 | D:5      | Reached skill level 5 in Dodging
  3332 | D:5      | Reached skill level 6 in Unarmed Combat
  3378 | D:5      | Found a shadowy altar of Dithmenos.
  3404 | D:5      | Reached XP level 8. HP: 80/80 MP: 7/7
  3993 | D:5      | Found an ornate altar of the Wu Jian Council.
  4207 | D:6      | Identified 4 scrolls of acquirement
  4340 | D:6      | Found a broken altar of Ashenzari.
  4415 | D:6      | Reached skill level 7 in Unarmed Combat
  4708 | D:6      | Found a staircase to the Ecumenical Temple.
  5138 | D:7      | Reached XP level 9. HP: 89/89 MP: 8/8
  5688 | D:8      | Noticed a two-headed ogre
  5695 | D:8      | Killed a two-headed ogre
  5696 | D:8      | Reached skill level 8 in Unarmed Combat
  5749 | D:8      | Acquired a manual of Transmutations
  5751 | D:8      | Acquired a manual of Dodging
  5753 | D:8      | Acquired 885 gold pieces
  5755 | D:8      | Acquired a manual of Unarmed Combat
  5819 | D:8      | Acquired 840 gold pieces
  6001 | D:8      | Found Yxiciyno's Antique Armour Shoppe.
  6006 | D:8      | Reached skill level 9 in Unarmed Combat
  6060 | D:8      | Bought a dazzling cloak for 228 gold pieces
  6060 | D:8      | Identified the +0 cloak of Keegam {rN+ Str+5} (You bought
                  | it in a shop on level 8 of the Dungeon)
  6060 | D:8      | Bought a dull robe for 136 gold pieces
  6060 | D:8      | Identified the +0 robe of Theory {rC++ rN+ Stlth+} (You
                  | bought it in a shop on level 8 of the Dungeon)
  6176 | D:8      | Found a shimmering blue altar of Sif Muna.
  6206 | D:8      | Reached XP level 10. HP: 86/102 MP: 9/9
  6670 | D:9      | Found Retongomm's Armour Shoppe.
  6795 | D:9      | Found a staircase to the Lair.
  6819 | D:9      | Reached skill level 10 in Unarmed Combat
  7340 | D:10     | Entered Level 10 of the Dungeon
  7424 | D:10     | Noticed a deep elf archer
  7431 | D:10     | Shot with an arrow by a deep elf archer

Illustrated notes

Levels and vault maps discovered:
D:1:      psy_arrival_heroes, layout_rooms
D:2:      layout_loops_cross, dreamdust_ecumenical_altar_drowned_temple,
          basic_altar
D:3:      layout_basic, nicolae_uskayaw_suspiria, mainiacjoe_overflow_chevrons
D:4:      layout_loops_ring, bloody_trog, mainiacjoe_overflow_two_lobes
D:5:      layout_basic, pdpol_wu_jian_five_deadly_venoms, grunt_gozag_statues,
          kennysheep_little_box, st_stairs_14, minmay_pentangle
D:6:      layout_basic, evilmike_ruin_ashenzari,
          minmay_temple_entry_from_below_a, grunt_decor_junction,
          chequers_decorated_corner
D:7:      layout_loops_cross
D:8:      layout_loops_ring, kennysheep_orc_sif_temple, serial_shops,
          nicolae_shop_waterfront, minmay_strange_pillars, due_unseen_surprise
D:9:      layout_basic, erik_lair_island, serial_shops, shop
D:10:     minmay_the_grid_four_pointed_star_mashed
          [minmay_the_grid_triangle_9x9_descending_squares,
          minmay_the_grid_triangle_9x9_negative_grid,
          minmay_the_grid_triangle_9x9_wacky_v,
          minmay_the_grid_triangle_9x9_minimal,
          minmay_the_grid_prize_diamond_cup], layout_rooms, bloody_makhleb,
          orc_0_dummy

Skill      XL: |  1  2  3  4  5  6  7  8  9 10 |
---------------+-------------------------------+-----
Dodging        | 3 4 5 6 7 9 |  9.1
Fighting       | 3 4 5 6 7 8 |  8.1
Unarmed Combat | 4 5 6 7 9 10 | 10.9

Action                     |  1- 3 |  4- 6 |  7- 9 | 10-12 || total
---------------------------+-------+-------+-------+-------++-------
  Melee: Unarmed           |    84 |   112 |   287 |   118 ||   601
 Invoke: Sacrifice Artific |       |     1 |       |       ||     1
    Use: Scroll            |       |     8 |    13 |       ||    21
         Potion            |       |     4 |       |       ||     4
 Armour: Robe              |    29 |    35 |    65 |    23 ||   152
  Dodge: Dodged            |    39 |    48 |   143 |    81 ||   311
